 Dungeon Crawl Stone Soup version 0.32-a0-872-g59262bdc9b (webtiles) character file.

Game seed: 12481458227403781252

234 Adrian566 the Slasher (level 5, 0/40 HPs)
             Began as a Demonspawn Gladiator on Mar 30, 2024.
             Succumbed to a killer bee's poison
             ... on level 4 of the Dungeon.
             The game lasted 00:03:59 (3695 turns).

Adrian566 the Slasher (Demonspawn Gladiator)        Turns: 3695, Time: 00:03:59

Health: 0/40       AC: 10    Str: 14    XL:     5   Next: 75%
Magic:  5/5        EV:  4    Int:  9    God:
Gold:   152        SH:  9    Dex: 16    Spells: 4/4 levels left

rFire   . . .        a - +0 long sword
rCold   . . .        t - +1 kite shield
rNeg    . . .        k - +0 chain mail
rPois   .            c - +0 helmet
rElec   .            (no cloak)
rCorr   .            s - +0 pair of gloves
SInv    .            (no boots)
Will    .....        (no amulet) Stlth
                     (no ring)
HPRegen 0.26/turn    (no ring)
MPRegen 0.09/turn

%: no passive effects
@: lethally poisoned (0 -> -9), about to teleport, hasted, very quick
A: demonic guardian 1, demonic touch 1
a: no special abilities


You were on level 4 of the Dungeon.
You visited 1 branch of the dungeon, and saw 4 of its levels.

You collected 152 gold pieces.

Inventory:

Hand Weapons
 a - a +0 long sword (weapon)
Missiles
 d - 3 throwing nets (quivered)
 e - a javelin
Armour
 c - a +0 helmet (worn)
 k - a +0 chain mail (worn)
 s - a +0 pair of gloves (worn)
 t - a +1 kite shield (worn)
Scrolls
 j - a scroll of poison
 l - a scroll of teleportation
 u - 2 scrolls of immolation
Potions
 b - a potion of enlightenment


   Skills:
 + Level 2.8 Fighting
 + Level 4.6 Long Blades
 + Level 1.9 Throwing
 + Level 2.0 Armour
 + Level 3.1 Dodging
 + Level 0.1 Stealth
 + Level 0.5 Shields


You had 4 spell levels left.
You didn't know any spells.
Your spell library contained the following spells:

 Spells                   Type           Power      Damage    Failure   Level
 Sublimation of Blood     Necr           0%         N/A       100%        2
 Petrify                  Alch/Erth      0%         N/A       100%        4
 Irradiate                Conj/Alch      0%         3d11      100%        5


Dungeon Overview and Level Annotations

Branches:
Dungeon (4/15)
 Temple: D:4-7

Altars:
Okawaru


Innate Abilities, Weirdness & Mutations

A weak demonic guardian rushes to your aid.
Your touch may inflict minor irresistible damage on your foes.


Message History

Unknown command.
You hit the killer bee.
The killer bee is severely wounded.
You feel very sick. You block the killer bee's attack.
The killer bee stings you.
A demonic guardian appears!
You are lethally poisoned!
The killer bee poisons you!
As you read the scroll of teleportation, it crumbles to dust.
You feel strangely unstable.
* * * LOW HITPOINT WARNING * * *
You feel very sick. You block the killer bee's attack.
You swap places.
* * * LOW HITPOINT WARNING * * *
You feel sick.
The killer bee barely misses your quasit.
Your quasit closely misses the killer bee.
Your quasit claws the killer bee.
Your quasit barely misses the killer bee.
* * * LOW HITPOINT WARNING * * *
You feel very sick.
The killer bee closely misses your quasit.
Your quasit closely misses the killer bee.
Your quasit claws the killer bee.
Your quasit claws the killer bee but does no damage.
The killer bee barely misses your quasit.
* * * LOW HITPOINT WARNING * * *
You feel sick.
Your quasit barely misses the killer bee.
Your quasit claws the killer bee.
Your quasit misses the killer bee. The killer bee misses your quasit.
Unknown command.
* * * LOW HITPOINT WARNING * * *
You feel sick. The killer bee stings your quasit.
Your quasit bites the killer bee.
Your quasit claws the killer bee.
Your quasit misses the killer bee.
There is a lethal amount of poison in your body!
Unknown command.
You die...

##..## ##...##
#.....# ##.....##
##.......####
###......#....##
........#####..##
#############..#
##..##
#yy5....@...##.##
###..
#.#########.##..#
###
#y.†y.#.....##.##
#####.#.#####..#
#...).'.##
#########


You could see 2 killer bees and a friendly quasit (summoned).

Vanquished Creatures
  A killer bee (D:4)
  A bombardier beetle (D:3)
  An orc wizard (D:3)
  2 adders
  2 ufetubi (D:3)
  A ribbon worm (D:3)
  3 dart slugs
  7 orcs
  4 endoplasms
  4 giant cockroaches
  10 hobgoblins
  4 quokkas
  9 ball pythons
  6 bats
  5 frilled lizards
  4 goblins
  5 kobolds
  5 rats
74 creatures vanquished.

Vanquished Creatures (collateral kills)
  An adder (D:3)
  A ball python (D:3)
  A frilled lizard (D:1)
  A rat (D:1)
4 creatures vanquished.

Grand Total: 78 creatures vanquished

Notes
Turn   | Place    | Note
-------+----------+-------------------------------------------
     0 | D:1      | Adrian566 the Demonspawn Gladiator began the quest for the
                  | Orb.
     0 | D:1      | Reached XP level 1. HP: 16/16 MP: 1/1
   286 | D:1      | Reached skill level 3 in Long Blades
   286 | D:1      | Gained mutation: A weak demonic guardian rushes to your
                  | aid. [demonic ancestry]
   286 | D:1      | Reached XP level 2. HP: 22/22 MP: 2/2
  1035 | D:2      | Identified the +2 robe of Morality {rN+ Will+}
  1040 | D:2      | Reached skill level 1 in Armour
  1040 | D:2      | Gained mutation: Your touch may inflict minor irresistible
                  | damage on your foes. [demonic ancestry]
  1040 | D:2      | Reached XP level 3. HP: 27/27 MP: 3/3
  1058 | D:2      | Found an iron altar of Okawaru.
  1647 | D:3      | Reached XP level 4. HP: 14/33 MP: 4/4
  1864 | D:3      | Reached skill level 4 in Long Blades
  1966 | D:3      | Reached XP level 5. HP: 38/39 MP: 5/5
  1991 | D:3      | Found a faded altar of an unknown god.
  3694 | D:4      | HP: 1/40 [poisoned by a killer bee]
  3695 | D:4      | Succumbed to a killer bee's poison

Illustrated notes

Levels and vault maps discovered:
D:1:      saegor_arrival_under_anarchy, layout_loops_corners
D:2:      kennysheep_six_static_rooms, layout_basic, basic_altar
D:3:      layout_basic, tso_oasis_becter, hellmonk_ecumenical_altar_blasted
D:4:      layout_layer_cave, mainiacjoe_overflow_chevrons,
          roderic_serpentine_path, uniq_edmund

Skill      XL: |  1  2  3  4  5 |
---------------+----------------+-----
Long Blades    | 3 4 |  4.6
Armour         | 1 2 |  2.0
Dodging        | 3 |  3.1
Fighting       | |  2.8
Throwing       | |  1.9
Stealth        | |  0.1
Shields        | |  0.5

Action                     |  1- 3 |  4- 6 || total
---------------------------+-------+-------++-------
  Melee: Long sword        |   116 |   108 ||   224
         Touch             |     5 |     2 ||     7
    Use: Potion            |       |    10 ||    10
         Scroll            |       |     8 ||     8
   Stab: Sleeping          |     1 |       ||     1
 Armour: Leather armour    |    28 |       ||    28
         Chain mail        |    92 |   126 ||   218
  Dodge: Dodged            |    68 |    48 ||   116
  Block: Kite shield       |       |    60 ||    60

Table legend: (Time is in decaauts)
 A = Elapsed time spent in this place.
 B = Non-inter-level travel time spent in this place.
 C = Inter-level travel time spent in this place.
 D = Time resting spent in this place.
 E = Time spent auto-exploring this place.
 F = Levels seen in this place.
 G = Mean time per level.
                   A        B        C        D        E       F      G
               +--------+--------+--------+--------+--------+-----+--------+
         Total |   3731 |   3611 |    120 |    914 |   2090 |   4 |  932.8 |
       Dungeon |   3731 |   3611 |    120 |    914 |   2090 |   4 |  932.8 |
               +--------+--------+--------+--------+--------+-----+--------+

Top non-repeatable levels by time:
     D:3: 1946 daAuts
     D:1: 943 daAuts
     D:2: 678 daAuts
     D:4: 164 daAuts
